 Dungeon Crawl Stone Soup version 0.31-a0-142-g31f6795574 (webtiles) character file.

Game seed: 1612675572879637491

1509 sanka the Zephyrmancer (level 8, -1/63 HPs)
             Began as a Demigod Air Elementalist on June 3, 2023.
             Slain by an orc
             ... wielding a +0 mace
              (4 damage)
             ... on level 5 of the Dungeon.
             The game lasted 00:12:14 (7734 turns).

sanka the Zephyrmancer (Demigod Air Elementalist)   Turns: 7734, Time: 00:12:15

Health: -1/63      AC:  4    Str:  9    XL:     8   Next: 28%
Magic:  6/14       EV: 13    Int: 31    God:
Gold:   163        SH:  0    Dex: 14    Spells: 1/11 levels left

rFire   . . .        r - +0 spear (venom)
rCold   . . .        (no shield)
rNeg    . . .        q - +1 animal skin
rPois   .            d - +0 helmet
rElec   .            (no cloak)
rCorr   .            (no gloves)
SInv    .            (no boots)
Will    .....        (no amulet)
Stlth   ++           u - ring of flight
HPRegen 0.30/turn    h - +6 ring of intelligence
MPRegen 0.14/turn

%: no passive effects
@: flying
A: high MP 1, forlorn, divine attributes
a: no special abilities


You were on level 5 of the Dungeon.
You visited 1 branch of the dungeon, and saw 6 of its levels.

You collected 163 gold pieces.


Innate Abilities, Weirdness & Mutations

You have an increased reservoir of magic. (+10% MP)
You shall have no god before yourself.
Your divine heritage dramatically boosts your attributes as you level up.


   Skills:
 + Level 3.1 Fighting
 + Level 3.7 Dodging
 - Level 1.7 Stealth
 - Level 2.0 Spellcasting
 - Level 4.0 Conjurations
 - Level 8.0 Air Magic


You had one spell level left.
You knew the following spells:

 Your Spells              Type           Power      Damage    Failure   Level
s - Swiftness             Air            51%        N/A       1%          3
x - Airstrike             Air            25%        2d(4-20)  2%          4
z - Shock                 Conj/Air       100%       1d9       1%          1
Z - Static Discharge      Conj/Air       80%        2-6/arc   1%          2

Your spell library contained the following spells:

 Spells                   Type           Power      Damage    Failure   Level
 Scorch                   Fire           6%         2d5       11%         2
 Flame Wave               Conj/Fire      15%        2d7       32%         4
 Summon Cactus Giant      Summ           1%         N/A       100%        6

Inventory:

Hand Weapons
 a - a +2 spear of freezing
 r - a +0 spear of venom (weapon)
 w - a +1 hand axe of electrocution
Missiles
 g - 3 curare-tipped darts {=f}
 v - 2 throwing nets {=f}
Armour
 d - a +0 helmet (worn)
 n - the +0 helmet of the Miller {rF+ MP-9 Str+2}

   Str:       It affects your strength (+2).
   rF:        It protects you from fire.
   MP:        It affects your magic capacity (-9).
 q - a +1 animal skin (worn)
Magical Staves
 p - a staff of conjuration {!a}
Jewellery
 h - a +6 ring of intelligence (right hand)
 u - a ring of flight (left hand)
Scrolls
 i - 3 scrolls of identify {@r1}
 j - a scroll of poison {unknown}
 l - 2 scrolls of enchant weapon
 m - a scroll of fog {unknown}
 s - a scroll of immolation {!r}
Potions
 b - 2 potions of magic
 e - a potion of ambrosia {unknown}
 f - 3 potions of degeneration {unknown}
 k - a potion of resistance {unknown}
 o - a potion of heal wounds {unknown}
 t - a potion of berserk rage {unknown}

Dungeon Overview and Level Annotations

Branches:
Dungeon (6/15)             Temple (0/1) D:6

.▒▒▒..........▒▒▒.......▒▒.......
...▒▒.........▒ ▒...........▒....
...▒▒.........▒ ▒................
▒▒............▒▒▒........▒...▒.▒.
...................▒▒▒▒.....▒▒▒▒▒
.................▒▒▒ ▒▒.....▒
................>▒ ▒...▒.▒▒▒
...............Wo▒▒ ▒▒......▒
................p.▒▒▒▒▒.......▒▒▒
...▒.▒.▒..........▒.▒.........▒.▒
▒..▒.▒▒▒.........................
▒▒▒...▒▒......▒▒..▒▒▒.▒▒..▒......
.....▒▒.......▒▒▒.▒ ▒▒.).....▒▒▒.
....▒▒.........▒..▒▒▒..)..▒▒.▒...
..................▒....▒.........
▒▒.▒▒............▒...............
▒.▒▒......▒..▒▒.▒...............


You could see a shadow and an orc.


Message History

The ogre hits you with a +0 giant spiked club!
* * * LOW HITPOINT WARNING * * *
Aiming: Shock (safe; 1% risk of failure)
Press: ? - help, Shift-Dir - straight line The zap hits the ogre.
You kill the ogre!
The orc shouts!
Your Fighting skill increases to level 3!
Unknown command.
There is a stone staircase leading up, spattered with blood here.
The orc hits you with a +0 mace.
* * * LOW HITPOINT WARNING * * *
The shadow strikes at you from the darkness!
* * * LOW HITPOINT WARNING * * *
Reactivating autopickup.
Your magical contamination has completely faded away.
You fly upwards.
There is a stone staircase leading down here.
Unknown command.
Okay, then.
The orc hits you but does no damage. The shadow barely misses you.
The orc barely misses you. The orc hits you with a +0 mace.
* * * LOW HITPOINT WARNING * * *
As you read the scroll labelled MOIDAR DIGY, it crumbles to dust.
It is a scroll of identify.
l - 2 scrolls of enchant weapon The orc hits you with a +0 mace.
You die...

Action                     |  1- 3 |  4- 6 |  7- 9 || total
---------------------------+-------+-------+-------++-------
  Melee: Spear             |       |       |     5 ||     5
   Cast: Shock             |   104 |   184 |    61 ||   349
         Static Discharge  |       |     1 |    22 ||    23
    Use: Scroll            |       |       |     1 ||     1
         Potion            |       |       |     1 ||     1
 Armour: Robe              |     3 |     8 |       ||    11
         Animal skin       |       |     3 |     4 ||     7
  Dodge: Dodged            |     9 |    24 |    23 ||    56

Levels and vault maps discovered:
D:1:      dpeg_arrival_court, layout_loops_ring
D:2:      layout_loops_corners, basic_altar
D:3:      layout_basic, hellmonk_ecumenical_altar_blasted, uniq_robin
D:4:      layout_basic, chequers_temple_overflow_statue_of_worship,
          nicolae_underground_beach
D:5:      layout_cave_pools
D:6:      layout_rooms, minmay_temple_entry_statues_fountains,
          gammafunk_ghost_necromancy, serial_shops,
          nicolae_shop_just_a_little_nook, minmay_holes,
          kennysheep_decorative_pillar

Notes
Turn   | Place    | Note
-------+----------+-------------------------------------------
     0 | D:1      | sanka the Demigod Air Elementalist began the quest for the
                  | Orb.
     0 | D:1      | Reached XP level 1. HP: 14/14 MP: 5/5
    17 | D:1      | Reached skill level 1 in Conjurations
    90 | D:1      | Reached skill level 2 in Spellcasting
   179 | D:1      | Reached XP level 2. HP: 20/20 MP: 1/7
   236 | D:1      | Learned a level 2 spell: Static Discharge
   526 | D:1      | Reached skill level 2 in Conjurations
  1368 | D:2      | Reached XP level 3. HP: 18/26 MP: 3/8
  1994 | D:2      | Reached skill level 3 in Air Magic
  2152 | D:2      | Reached skill level 3 in Conjurations
  2342 | D:2      | Reached XP level 4. HP: 33/33 MP: 3/9
  3284 | D:3      | Reached XP level 5. HP: 38/38 MP: 5/10
  3470 | D:3      | Reached skill level 4 in Air Magic
  3533 | D:3      | Reached skill level 4 in Conjurations
  3602 | D:3      | Learned a level 3 spell: Swiftness
  4026 | D:3      | Identified the +0 helmet of the Miller {rF+ MP-9 Str+2}
  4026 | D:3      | Noticed Robin
  4032 | D:3      | Killed Robin
  4863 | D:4      | Reached XP level 6. HP: 45/45 MP: 4/11
  4988 | D:4      | Reached skill level 5 in Air Magic
  6188 | D:4      | Reached skill level 6 in Air Magic
  6267 | D:5      | Entered Level 5 of the Dungeon
  6335 | D:5      | Reached XP level 7. HP: 50/50 MP: 4/13
  6503 | D:5      | Reached skill level 7 in Air Magic
  6533 | D:5      | Identified the +1 war axe of Defiance {antimagic, Dex+3}
  6715 | D:5      | Learned a level 4 spell: Airstrike
  7314 | D:6      | Found a staircase to the Ecumenical Temple.
  7319 | D:6      | Reached skill level 8 in Air Magic
  7367 | D:6      | Reached skill level 1 in Fighting
  7367 | D:6      | Reached skill level 2 in Dodging
  7580 | D:6      | Reached XP level 8. HP: 61/61 MP: 8/14
  7592 | D:5      | Reached skill level 2 in Fighting
  7592 | D:5      | Reached skill level 3 in Dodging
  7727 | D:6      | Reached skill level 3 in Fighting
  7729 | D:6      | HP: 1/63 [something (13)]
  7734 | D:5      | Slain by an orc

Vanquished Creatures
  An orc warrior (D:6)
  A black bear (D:6)
  An ice beast (D:5)
  An ogre (D:6)
  A phantom (D:5)
  A bullfrog (D:5)
  4 scorpions
  4 hounds
  A jelly (D:6)
  5 orc priests
  A gnoll bouda (D:5)
  2 sleepcaps (D:4)
  3 orc wizards
  Robin (D:3)
  8 gnolls
  9 adders
  A white imp (D:4)
  7 worms
  4 dart slugs
  16 orcs
  4 endoplasms
  4 giant cockroaches
  8 goblins
  14 hobgoblins
  6 jackals (D:1)
  6 kobolds
  8 quokkas
  7 ball pythons
  6 bats
  2 frilled lizards
  4 rats
141 creatures vanquished.
